AoeStats
← MZTK | GaboxNet .i.

Nomad

510122884Analyzed
2v2 RM · 3d ago on Sep 29, 2026· 39m 5s· 4 players
Game mode
Random Map
Map size
176×176
Population
200
Speed
Normal
Resources
Standard
Victory
Conquest
Starting age
Dark Age
Ending age
Imperial Age
RankedLock teamsTeams togetherTeam positionsShared explorationLock speedFull tech treeHidden civsTurbo modeCheats
Victory
Defeat
🇮🇹 Japanese · Italy
1215
+14
🇬🇹 Malians · Guatemala
1164
+16
🇲🇽 Franks · Mexico
1219
-17
🇲🇽 Italians · Mexico
1127
-13
davidents
10:45 Loom
13:38 Feudal Age
14:32 Double-Bit Axe
16:26 Man-at-Arms
17:59 Arson
20:30 Castle Age
20:30 Forging
20:21 Scale Mail Armor
23:41 Medium Warships
23:47 Medium Warships
29:33 Pikeman
36:22 Imperial Age
34:37 Squires
36:40 Bow Saw
37:23 Town Watch
38:13 Wheelbarrow
37:55 Halberdier
CazadorGT
5:34 Loom
13:27 Feudal Age
18:57 Double-Bit Axe
25:08 Castle Age
23:31 Padded Archer Armor
23:25 Fletching
25:15 Crossbowman
25:52 Bodkin Arrow
32:41 Fishing Lines
35:23 Forging
37:58 Iron Casting
MZTK | GaboxNet .i.
5:26 Loom
14:21 Feudal Age
15:16 Fishing Lines
17:41 Double-Bit Axe
23:07 Castle Age
24:15 Medium Warships
23:57 Gillnets
25:59 Wheelbarrow
37:59 Fletching
_MZTK_SIRO_
12:47 Loom
16:01 Feudal Age
20:38 Castle Age
Connection lost

Rejoining the realm…

Still unreachable

The connection could not be restored.

Session expired

The server has moved on; the page needs a fresh start.